 Dungeon Crawl Stone Soup version 0.24.0-125-gc4c63601f3 (webtiles) character file.

Game seed: 3276309499907768255, levelgen mode: deterministic

637 Leibowitz the Poker (level 7, 0/60 HPs)
             Began as a Minotaur Gladiator on Feb 22, 2020.
             Was a Follower of Fedhas.
             Slain by spacerossing's ghost (8 damage)
             ... on level 3 of the Dungeon.
             The game lasted 00:11:07 (3849 turns).

Leibowitz the Poker (Minotaur Gladiator)            Turns: 3849, Time: 00:11:07

Health: 0/60       AC:  9    Str: 19      XL:     7   Next: 25%
Magic:  6/6        EV:  9    Int:  5      God:    Fedhas [*.....]
Gold:   164        SH:  0    Dex:  8 (13) Spells: 6/6 levels left

rFire    . . .     SeeInvis .   a - +0 trident
rCold    . . .     Gourm    .   (no shield)
rNeg     . . .     Faith    .   v - +0 chain mail
rPois    .         Spirit   .   c - +0 hat
rElec    .         Reflect  .   (no cloak)
rCorr    .         Harm     .   (no gloves)
MR       .....                  (no boots)
Stlth    ..........             t - amulet of the acrobat
HPRegen  0.20/turn              (no ring)
MPRegen  0.10/turn              (no ring)

@: no status effects
A: retaliatory headbutt, horns 2
a: Renounce Religion


You were on level 3 of the Dungeon.
You worshipped Fedhas.
Fedhas was aware of your devotion.
You were very hungry.

You visited 1 branch of the dungeon, and saw 4 of its levels.

You collected 164 gold pieces.

Inventory:

Hand Weapons
 a - a +0 trident (weapon)
 w - a +2 flail of venom
Missiles
 d - 2 throwing nets
 j - 13 poisoned darts (quivered)
Armour
 c - a +0 hat (worn)
 v - a +0 chain mail (worn)
Jewellery
 t - an amulet of the acrobat (around neck)
Scrolls
 b - a scroll of blinking {unknown}
 e - a scroll of immolation {unknown}
 g - 6 scrolls of identify {unknown}
 h - 2 scrolls of enchant armour {unknown}
 i - 2 scrolls of noise {unknown}
 k - 2 scrolls of teleportation {unknown}
 m - 3 scrolls of remove curse {unknown}
 n - 2 scrolls of random uselessness {unknown}
 o - a scroll of amnesia {unknown}
 q - a scroll of enchant weapon {unknown}
Potions
 l - a potion of heal wounds {unknown}
 p - a potion of brilliance {unknown}
 r - a potion of resistance {unknown}
 s - 2 potions of curing {unknown}
Comestibles
 f - 12 rations


   Skills:
 * Level 4.4 Fighting
 * Level 7.2 Polearms
 - Level 2.0 Throwing
 * Level 4.2 Armour
 * Level 4.9 Dodging


You had 6 spell levels left.
You didn't know any spells.
Your spell library was empty.

Dungeon Overview and Level Annotations

Branches:
Dungeon (4/15)
 Temple: D:4-7

Altars:
Fedhas
Sif Muna

Annotations:
D:3 1 transporter, spacerossing's ghost, amateur GrFi


Innate Abilities, Weirdness & Mutations

You reflexively headbutt those who attack you in melee.
You have a pair of horns on your head.


Message History

Spacerossing's ghost is moderately damaged.
Spacerossing's ghost hits you.
You hit spacerossing's ghost.
Spacerossing's ghost is heavily damaged.
Spacerossing's ghost hits you!
* * * LOW HITPOINT WARNING * * *
You hit spacerossing's ghost but do no damage.
Spacerossing's ghost is heavily damaged.
Spacerossing's ghost hits you.
* * * LOW HITPOINT WARNING * * *
You hit spacerossing's ghost but do no damage.
Spacerossing's ghost is heavily damaged.
Spacerossing's ghost hits you.
* * * LOW HITPOINT WARNING * * *
You hit spacerossing's ghost but do no damage.
You headbutt spacerossing's ghost, but do no damage.
Spacerossing's ghost is heavily damaged.
Spacerossing's ghost hits you!
You die...
Fedhas appreciates your contribution to the ecosystem.

##.#...###..#####....# #.#
##.#.##.#.#.### ##.#.# #.#
.....##.<.#...####.#.# #.#
##.#....#####........########.###
##.#.##...#...##.)#..............
#.#.####.#.#.##.......#####.....
#.#.# ##......................##
#.#.###..###©####.....#########
#.#.##..##.###.@#####.##
#......##......#W...#..#
###.##.#...)#...#...##.#
#.##.#..##..#......#.#
#.#..#...#!.©..##.©#.#
#.#.##.#.....#.....#.#
#...#....###=..##.##.#
###.##..#..($....W#..#
#..###..#####..##..#########


You could see spacerossing's ghost.

Vanquished Creatures
  A phantom (D:4)
  3 howler monkeys (D:4)
  3 quasits (D:3)
  3 orc wizards
  An orc priest (D:4)
  A bullfrog skeleton (D:2)
  3 worker ants (D:4)
  6 adders
  2 oozes
  A worm (D:2)
  A dart slug (D:1)
  4 orcs
  9 bats
  5 giant cockroaches
  9 goblins
  3 hobgoblins
  A quokka (D:4)
  A ball python (D:2)
  5 frilled lizards
  8 kobolds
  5 rats
75 creatures vanquished.

Notes
Turn   | Place    | Note
-------+----------+-------------------------------------------
     0 | D:1      | Leibowitz the Minotaur Gladiator began the quest for the
                  | Orb.
     0 | D:1      | Reached XP level 1. HP: 18/18 MP: 0/0
    98 | D:1      | Reached XP level 2. HP: 23/25 MP: 1/1
   108 | D:1      | Reached skill level 4 in Polearms
   461 | D:1      | Reached XP level 3. HP: 29/30 MP: 2/2
   701 | D:2      | Reached skill level 1 in Armour
   877 | D:2      | Reached XP level 4. HP: 33/37 MP: 3/3
   982 | D:2      | Found a faded altar of an unknown god.
  1199 | D:2      | Found a blossoming altar of Fedhas.
  1210 | D:2      | Became a worshipper of Fedhas Madash
  1717 | D:3      | Reached skill level 5 in Polearms
  2246 | D:3      | Reached XP level 5. HP: 27/45 MP: 4/4
  2400 | D:3      | Found a transporter.
  2400 | D:3      | Noticed spacerossing's ghost (amateur GrFi)
  2574 | D:3      | Found a shimmering blue altar of Sif Muna.
  2678 | D:3      | Found a transporter.
  2806 | D:4      | Noticed a phantom
  2844 | D:4      | Killed a phantom
  2844 | D:4      | Reached XP level 6. HP: 44/52 MP: 5/5
  2865 | D:4      | Reached skill level 6 in Polearms
  3330 | D:4      | Reached * piety under Fedhas
  3356 | D:4      | Reached XP level 7. HP: 28/59 MP: 6/6
  3820 | D:3      | Reached skill level 7 in Polearms
  3849 | D:3      | Slain by spacerossing's ghost

Levels and vault maps discovered:
D:1:      minmay_arrival_shattered_statue, layout_rooms
D:2:      layout_loops_corners, overflow_temple_1_default,
          chequers_ecumenical_altar_grove
D:3:      layout_loops_ring, gammafunk_ghost_stat_death, first_ration,
          grunt_decor_fettered, lemuel_blue_sif_altar
D:4:      layout_loops_corners

Skill      XL: |  1  2  3  4  5  6  7 |
---------------+----------------------+-----
Polearms       | 4 5 6 7 |  7.2
Armour         | 1 2 3 4 |  4.2
Dodging        | 4 |  4.9
Fighting       | 3 4 |  4.4
Throwing       | |  2.0

Action                   |  1- 3 |  4- 6 |  7- 9 || total
-------------------------+-------+-------+-------++-------
Melee: Trident           |    56 |   121 |    40 ||   217
       Headbutt          |     8 |    24 |     5 ||    37
Throw: Throwing net      |     1 |       |       ||     1
       Dart              |       |     2 |       ||     2
 Stab: Sleeping          |     1 |     2 |       ||     3
  Eat: Chunk             |       |     8 |       ||     8
Armor: Leather armour    |    16 |    21 |       ||    37
       Chain mail        |       |     6 |    44 ||    50
Dodge: Dodged            |    33 |    70 |    59 ||   162
